 Dungeon Crawl Stone Soup version 0.28-a0-998-gb9e9c7b67e (webtiles) character file.

Game seed: 13915139936317949753

91 Peloso the Covered (level 4, 0/40 HPs)
             Began as a Minotaur Fighter on Dec 6, 2021.
             Slain by an orc (4 damage)
             ... on level 3 of the Dungeon.
             The game lasted 00:02:17 (1824 turns).

Peloso the Covered (Minotaur Fighter)               Turns: 1824, Time: 00:02:18

Health: 0/40       AC: 10    Str: 21    XL:     4   Next: 33%
Magic:  3/3        EV:  7    Int:  5    God:
Gold:   108        SH:  4    Dex: 11    Spells: 3/3 levels left

rFire   . . .      SeeInvis .   a - +0 long sword
rCold   . . .      Faith    .   c - +0 buckler
rNeg    + . .      Spirit   .   j - +0 chain mail
rPois   .          Reflect  .   (helmet restricted)
rElec   .          Harm     .   (no cloak)
rCorr   .          Rampage  .   h - +0 pair of gloves
Will    .....                   (no boots)
Stlth   ..........              (no amulet)
HPRegen 0.13/turn               i - ring of positive energy
MPRegen 0.08/turn               (no ring)

@: no status effects
A: horns 2, retaliatory headbutt
a: no special abilities


You were on level 3 of the Dungeon.
You visited 1 branch of the dungeon, and saw 3 of its levels.

You collected 108 gold pieces.

Inventory:

Hand Weapons
 a - a +0 long sword (weapon)
Armour
 b - a +0 scale mail
 c - a +0 buckler (worn)
 h - a +0 pair of gloves (worn)
 j - a +0 chain mail (worn)
Jewellery
 i - a ring of positive energy (left hand)
Scrolls
 e - a scroll of enchant armour {unknown}
 g - 7 scrolls of identify {unknown}
 k - a scroll of teleportation {unknown}
Potions
 d - a potion of might
 f - 2 potions of heal wounds {unknown}
 l - a potion of attraction {unknown}


   Skills:
 + Level 4.2 Fighting
 + Level 3.8 Long Blades
 + Level 4.5 Armour
 + Level 0.1 Dodging
 + Level 4.1 Shields


You had 3 spell levels left.
You didn't know any spells.
Your spell library contained the following spells:

 Spells                   Type           Power      Damage    Failure   Level
 Ozocubu's Armour         Ice            0%         N/A       100%        3
 Ozocubu's Refrigeration  Ice            0%         4d5       100%        7


Dungeon Overview and Level Annotations

Branches:
Dungeon (3/15)

Altars:


Innate Abilities, Weirdness & Mutations

You have a pair of horns on your head.
You reflexively headbutt those who attack you in melee.


Message History

The orc hits you but does no damage. The kobold hits you but does no damage.
Something hits you but does no damage. The orc barely misses you.
The orc hits you but does no damage.
Unknown command.
The orc hits you with a +0 hand axe.
You hit the kobold.
You headbutt the kobold, but do no damage.
The kobold is severely wounded.
The kobold hits you but does no damage.
You closely miss the kobold. Your headbutt misses the kobold.
The kobold is severely wounded.
The kobold hits you but does no damage. x2
You hit the kobold.
You kill the kobold!
Something hits you but does no damage.
You hit something. Something hits you.
You closely miss something. Something hits you but does no damage.
You hit something. Something hits you but does no damage.
You slash something!
Reactivating autopickup.
You feel a bit more experienced.
You have reached level 4!
You feel stronger.
You closely miss the orc. Your headbutt misses the orc.
The orc is moderately wounded.
The orc priest calls upon Beogh to heal the orc.
The orc's wounds heal themselves!
The orc priest calls down the wrath of Beogh upon you.
Beogh smites you! You block the orc's attack.
You slash the orc!
You kill the orc!
The orc priest calls down the wrath of Beogh upon you.
Beogh smites you!
* * * LOW HITPOINT WARNING * * *
You hit the orc.
The orc is heavily wounded.
The orc barely misses you.
The orc priest miscasts a cantrip.
The orc hits you with a +0 club.
You die...

######## #. ...... . .
....# .#.# ##...####
###.#. .o..... ... .
..#######o.# ###.#.#
.......@o..## #<#.#.#
...#######..####†....#
..............#.#.#
#####.#...###.#.# #
#+#.#.# #.#.# .....#
#.#.# ... .......#
#.#.# #.# .........
#.#.# #.#
.(...(.#.##.#.# #.#


You could see an orc priest and an orc.

Vanquished Creatures
  An orc wizard (D:3)
  An adder (D:2)
  An adder skeleton (D:2)
  An orc (D:3)
  4 endoplasms
  3 giant cockroaches
  3 goblins
  A hobgoblin (D:1)
  8 jackals
  6 kobolds
  2 quokkas (D:1)
  6 ball pythons
  7 bats
  2 frilled lizards
  3 rats
49 creatures vanquished.

Notes
Turn   | Place    | Note
-------+----------+-------------------------------------------
     0 | D:1      | Peloso the Minotaur Fighter began the quest for the Orb.
     0 | D:1      | Reached XP level 1. HP: 19/19 MP: 0/0
   267 | D:1      | Reached XP level 2. HP: 27/27 MP: 1/1
   442 | D:1      | You fall into a shaft and drop 1 floor!
   683 | D:1      | Reached XP level 3. HP: 33/33 MP: 2/2
  1822 | D:3      | Reached XP level 4. HP: 24/40 MP: 3/3
  1824 | D:3      | Slain by an orc

Illustrated notes

Levels and vault maps discovered:
D:1:      dpeg_arrival_concentric_ovals, layout_loops_ring
D:2:      layout_rooms
D:3:      layout_basic, minitemple, serial_shops, shop,
          hellmonk_ecumenical_altar_lost_god

Skill      XL: |  1  2  3 |
---------------+----------+-----
Armour         | 4 |  4.5
Fighting       | 4 |  4.2
Shields        | 4 |  4.1
Long Blades    | 3 |  3.8
Dodging        | |  0.1

Action                   |  1- 3 |  4- 6 || total
-------------------------+-------+-------++-------
Melee: Long sword        |   103 |     3 ||   106
       Headbutt          |    15 |       ||    15
Armor: Scale mail        |    63 |       ||    63
       Chain mail        |    21 |       ||    21
Dodge: Dodged            |    42 |     1 ||    43
Block: Buckler           |    29 |     1 ||    30

Table legend: (Time is in decaauts)
 A = Elapsed time spent in this place.
 B = Non-inter-level travel time spent in this place.
 C = Inter-level travel time spent in this place.
 D = Time resting spent in this place.
 E = Time spent auto-exploring this place.
 F = Levels seen in this place.
 G = Mean time per level.
                   A        B        C        D        E       F      G
               +--------+--------+--------+--------+--------+-----+--------+
         Total |   1851 |   1799 |     52 |      0 |   1420 |   3 |  617.0 |
       Dungeon |   1851 |   1799 |     52 |      0 |   1420 |   3 |  617.0 |
               +--------+--------+--------+--------+--------+-----+--------+

Top non-repeatable levels by time:
     D:1: 963 daAuts
     D:2: 811 daAuts
     D:3: 76 daAuts
